 Dungeon Crawl Stone Soup version 0.32-a0-361-g289a535e89 (webtiles) character file.

Game seed: 17936828920859187242

4 ytrimaz the Trooper (level 1, -2/18 HPs)
             Began as a Coglin Fighter on Feb 19, 2024.
             Slain by a quokka (4 damage)
             ... on level 1 of the Dungeon.
             The game lasted 00:00:08 (81 turns).

ytrimaz the Trooper (Coglin Fighter)                  Turns: 81, Time: 00:00:09

Health: -2/18      AC:  6    Str: 16    XL:     1   Next: 70%
Magic:  1/1        EV:  9    Int:  7    God:
Gold:   17         SH:  0    Dex: 13    Spells: 0/0 levels left

rFire   . . .        a - +0 flail {Io}
rCold   . . .        (no shield)
rNeg    . . .        b - +0 scale mail
rPois   .            (no helmet)
rElec   .            (no cloak)
rCorr   .            (no gloves)
SInv    .            (no boots)
Will    .....        (no amulet) Stlth
                     (no ring)
HPRegen 0.23/turn    (no ring)
MPRegen 0.07/turn

%: no passive effects
@: revved, stiff-legged, very slow
A: off-hand wielding, slow wielding, warmup strikes, warmup strides
a: no special abilities


You were on level 1 of the Dungeon.
You visited 1 branch of the dungeon, and saw 1 of its levels.

You collected 17 gold pieces.


Innate Abilities, Weirdness & Mutations

You can wield a second weapon in your off-hand.
It takes a long time for you to wield or remove held weapons.
Your first few attacks do less damage.
Your first movements take longer.


   Skills:
 + Level 3.1 Fighting
 + Level 1.9 Maces & Flails
 + Level 2.8 Armour
 - Level 2.1 Shields


You couldn't memorise any spells.
You didn't know any spells.
Your spell library was empty.

Inventory:

Hand Weapons
 a - a +0 flail (weapon) {Io}
Armour
 b - a +0 scale mail (worn)
 c - a +0 buckler
Scrolls
 e - a scroll of identify {unknown}
Potions
 d - a potion of might

Dungeon Overview and Level Annotations

Branches:
Dungeon (1/15) Zot: 5903

Altars:

.....## ...
#.###+#.....#
....## #...
#.....†####.# .####
#...#
##............ .#
...####......###.##
. # #...'.........
. #.#.###.........#
#.....#.......###
##.....†.........
.......@r......##
.............###
...#+#.......# ##
###.......
#.....### ......#
>.....# .....#


You could see a quokka.


Message History

You open the door.
A dart slug comes into view.
There is an open door here.
A dart slug is nearby!
A dart slug is nearby!
Unknown command.
You hit the dart slug. The dart slug launches a dart at you.
The slug dart hits you. 😕 HP[-1]
You take 1 damage, and now have 17/18 hp.
Unknown command.
You sock the dart slug!
You kill the dart slug! 😎 HP[+1]
Your hp is fully restored (18).
You see here a dart slug corpse.
No target in view!
Key pressed, stopping explore.
Unknown command.
As you open the door, it creaks loudly!
You hear an angry hiss.
A quokka comes into view.
A ball python comes into view.
The ball python hisses angrily.
There are monsters nearby!
Found an escape hatch in the floor.
There are monsters nearby!
You closely miss the quokka.
The quokka twitches its whiskers.
The quokka bites you but does no damage.
Unknown command.
You miss the quokka.
The quokka bites you but does no damage.
The ball python closely misses you. The ball python barely misses you.
The quokka barely misses you.
You closely miss the quokka. The ball python closely misses you.
The ball python barely misses you. The quokka bites you. 😕 HP[-2]
You take 2 damage, and now have 16/18 hp.
You barely miss the ball python. The ball python barely misses you.
The ball python grabs you. The ball python constricts you.
The quokka bites you but does no damage.
The ball python bites you. The ball python constricts you.
The quokka bites you.
* * * LOW HITPOINT WARNING * * *
😨 HP[-7]
You take 7 damage, and now have 9/18 hp.
MASSIVE DAMAGE!! (PAUSE)
You are too injured to fight recklessly!
You barely miss the ball python. The ball python closely misses you.
The ball python constricts you.
The quokka bites you but does no damage. 😮 HP[+1] Unknown command.
You hit the ball python.
You kill the ball python!
The quokka closely misses you.
The quokka bites you but does no damage.
The quokka twitches its whiskers.
The quokka bites you.
* * * LOW HITPOINT WARNING * * *
The quokka barely misses you.
You see here a ball python corpse. 😨 HP[-3]
You take 3 damage, and now have 7/18 hp.
Unknown command.
The quokka bites you.
* * * LOW HITPOINT WARNING * * *
😨 HP[-1]
You take 1 damage, and now have 6/18 hp.
You miss the quokka. The quokka barely misses you.
The quokka bites you but does no damage.
Unknown command.
You completely miss the quokka.
The quokka bites you but does no damage. x2
You closely miss the quokka.
The quokka barely misses you. 😨 HP[+1] Unknown command.
You barely miss the quokka. The quokka closely misses you.
The quokka barely misses you.
You hit the quokka but do no damage. The quokka closely misses you.
Unknown command.
You hit the quokka but do no damage. The quokka bites you.
* * * LOW HITPOINT WARNING * * *
The quokka closely misses you. 😨 HP[-2]
You take 2 damage, and now have 5/18 hp.
Unknown command.
You closely miss the quokka. The quokka misses you.
The quokka bites you but does no damage.
You completely miss the quokka. The quokka barely misses you.
Unknown command.
You miss the quokka. The quokka misses you. The quokka bites you.
* * * LOW HITPOINT WARNING * * *
😱 HP[-4]
You take 4 damage, and now have 1/18 hp.
MASSIVE DAMAGE!! (PAUSE)
You miss the quokka. The quokka bites you.
You die...

Action                     || total
---------------------------++-------
  Melee: Flail             ||    18
 Armour: Scale mail        ||    18
  Dodge: Dodged            ||    18

Levels and vault maps discovered:
D:1:      onia_arrival_pyramid, layout_basic, hex_large, st_stairs_4,
          moated_statue

Notes
Turn   | Place    | Note
-------+----------+-------------------------------------------
     0 | D:1      | ytrimaz the Coglin Fighter began the quest for the Orb.
     0 | D:1      | Reached XP level 1. HP: 18/18 MP: 1/1
     0 | D:1      | magus.rc [v1.9.6]
    80 | D:1      | HP: 1/18 [quokka (4)]
    81 | D:1      | Slain by a quokka

Vanquished Creatures
  A dart slug (D:1)
  A ball python (D:1)
2 creatures vanquished.

Table legend:
 A = Non-vault XP
 B = Vault XP
 C = Vault XP percentage of total XP
 D = Non-vault monster count
 E = Vault monster count
 F = Vault count percentage of total count
                 A         B        C        D         E       F
            +---------+---------+-------+---------+---------+-------
      Total |       7 |       0 |   0.0 |       2 |       0 |   0.0
            +---------+---------+-------+---------+---------+-------
        D:1 |       7 |       0 |   0.0 |       2 |       0 |   0.0
            +---------+---------+-------+---------+---------+-------

Action                     || total
---------------------------++-------
  Melee: Flail             ||    18
 Armour: Scale mail        ||    18
  Dodge: Dodged            ||    18

Illustrated notes

Table legend:
 A = Kills in this place as a percentage of kills in the entire game.
 B = Kills by you in this place as a percentage of kills by you in the entire game.
 C = Kills by friends in this place as a percentage of kills by friends in the entire game.
 D = Other kills in this place as a percentage of other kills in the entire game.
 E = Experience gained in this place as a percentage of experience gained in the entire game.
 F = Experience gained in this place divided by the number of levels of this place that you have seen.
                   A       B       C       D       E      F
               +-------+-------+-------+-------+-------+----------------------
         Total | 100.0 | 100.0 |   N/A |   N/A | 100.0 |   7.0
       Dungeon | 100.0 | 100.0 |   N/A |   N/A | 100.0 |   7.0
               +-------+-------+-------+-------+-------+----------------------

Table legend: (Time is in decaauts)
 A = Elapsed time spent in this place.
 B = Non-inter-level travel time spent in this place.
 C = Inter-level travel time spent in this place.
 D = Time resting spent in this place.
 E = Time spent auto-exploring this place.
 F = Levels seen in this place.
 G = Mean time per level.
                   A        B        C        D        E       F      G
               +--------+--------+--------+--------+--------+-----+--------+
         Total |     95 |     95 |      0 |      0 |     50 |   1 |   95.0 |
       Dungeon |     95 |     95 |      0 |      0 |     50 |   1 |   95.0 |
               +--------+--------+--------+--------+--------+-----+--------+

Top non-repeatable levels by time:
     D:1: 95 daAuts
